 Dungeon Crawl Stone Soup version 0.28-a0-863-g8cecda6153 (webtiles) character file.

Game seed: 10759960211448229245

29 Zenkrye the Cudgeller (level 3, 0/28 HPs)
             Began as a Palentonga Warper on Nov 16, 2021.
             Slain by a gnoll (8 damage)
             ... on level 1 of the Dungeon.
             The game lasted 00:03:04 (1562 turns).

Zenkrye the Cudgeller (Palentonga Warper)           Turns: 1562, Time: 00:03:05

Health: 0/28       AC:  4    Str: 14    XL:     3   Next: 1%
Magic:  6/6        EV:  9    Int: 14    God:
Gold:   43         SH:  0    Dex:  9    Spells: 6/6 levels left

rFire   . . .      SeeInvis +   a - +0 mace
rCold   . . .      Faith    .   (no shield)
rNeg    . . .      Spirit   .   b - +0 leather armour
rPois   .          Reflect  .   (no helmet)
rElec   .          Harm     .   (no cloak)
rCorr   .          Rampage  .   (no gloves)
Will    .....                   (no barding)
Stlth   +.........              (no amulet)
HPRegen 0.09/turn               (no ring)
MPRegen 0.10/turn               (no ring)

@: no status effects
A: large, rugged brown scales 3, see invisible, deformed body, roll 1, armoured
tail
a: Rolling Charge


You were on level 1 of the Dungeon.
You visited 1 branch of the dungeon, and saw 2 of its levels.

You collected 43 gold pieces.

Inventory:

Hand Weapons
 a - a +0 mace (weapon)
Missiles
 d - 4 boomerangs of dispersal
 e - 24 stones (quivered)
 h - 25 sling bullets
Armour
 b - a +0 leather armour (worn)
Scrolls
 c - a scroll of blinking {@r4}
 g - a scroll of identify {unknown}
Potions
 f - a potion of lignification {unknown}


   Skills:
 - Level 2.0 Fighting
 + Level 3.5 Maces & Flails
 - Level 0.6 Throwing
 - Level 0.7 Armour
 - Level 1.5 Dodging
 - Level 2.0 Spellcasting
 - Level 3.0 Translocations


You had 6 spell levels left.
You didn't know any spells.
Your spell library contained the following spells:

 Spells                   Type           Power      Damage    Failure   Level
 Blink                    Tloc           18%        N/A       13%         2
 Gell's Gravitas          Tloc           9%         N/A       26%         3
 Lesser Beckoning         Tloc           9%         N/A       26%         3
 Teleport Other           Tloc           9%         N/A       26%         3
 Magic Dart               Conj           4%         1d3       30%         1
 Searing Ray              Conj           2%         2d4       41%         2
 Manifold Assault         Tloc           9%         N/A       94%         5
 Fulminant Prism          Conj/Hex       0%         3d6       96%         4


Dungeon Overview and Level Annotations

Branches:
Dungeon (2/15)

Altars:


Innate Abilities, Weirdness & Mutations

You are completely covered in rugged brown scales. (AC +3, +7% HP)
You have supernaturally acute eyesight. (SInv)
Armour fits poorly on your strangely shaped body.
You can roll at nearby foes to attack.
You have a long armoured tail.


Message History

You kill the kobold!
No target in view!
No target in view!
No target in view!
A bat comes into view.
The bat moves out of view.
Things that are here:
a +0 short sword; a kobold corpse You see here 25 sling bullets.
h - 25 sling bullets The bat hits you.
You sock the bat!
You kill the bat!
You have reached level 3!
Your experience leads to an increase in your attributes!
Increase (s)trength, (i)ntelligence, or (d)exterity?
You feel clever.
Found a mace.
You see here a +0 mace.
You see here a hobgoblin skeleton.
A gnoll is nearby!
You see here a hobgoblin skeleton.
The gnoll shouts!
There is a stone staircase leading down here.
Okay, then.
Unknown command.
You hit the gnoll but do no damage. The gnoll barely misses you.
You closely miss the gnoll. The gnoll hits you with a +0 whip!
You barely miss the gnoll.
You tail-slap the gnoll, but do no damage.
The gnoll hits you with a +0 whip.
You completely miss the gnoll. The gnoll barely misses you.
You sock the gnoll!
The gnoll is heavily wounded.
The gnoll hits you with a +0 whip. x2
* * * LOW HITPOINT WARNING * * *
You hit the gnoll but do no damage.
The gnoll is heavily wounded.
The gnoll hits you with a +0 whip!
You die...

#...........## #.#
..#....#.....# #.#
....#.......##
######.#
......#......#####
#......#
............##...#
#.######
.#.#.#.#.#.#...#.#
#.#
############.###.#
#.######### .##
#....# #g#
#.......... #.##
#...## #@#
#.#########
##.######..## #)#
#.####### #
##.#......#####.####
#.......# #
##................#
#.#####(###
##..#.##...........#
#.# ##...##
##..###.#..#####.##.#
#.###.#.#.# #..##
##...# #.##.#
#..........
.##.###.##.# #.##.#
#####.#.#.#
.###.#.###.# #.##.#
##...##


You could see a gnoll.

Vanquished Creatures
  2 dart slugs (D:1)
  An endoplasm (D:1)
  2 giant cockroaches (D:1)
  2 goblins (D:1)
  A hobgoblin (D:1)
  3 kobolds (D:1)
  A quokka (D:1)
  2 ball pythons (D:1)
  5 bats
  4 frilled lizards (D:1)
  2 rats (D:1)
25 creatures vanquished.

Notes
Turn   | Place    | Note
-------+----------+-------------------------------------------
     0 | D:1      | Zenkrye the Palentonga Warper began the quest for the Orb.
     0 | D:1      | Reached XP level 1. HP: 17/17 MP: 3/3
   105 | D:1      | Reached XP level 2. HP: 20/23 MP: 5/5
  1443 | D:1      | Reached XP level 3. HP: 27/28 MP: 6/6
  1562 | D:1      | Slain by a gnoll

Illustrated notes

Levels and vault maps discovered:
D:1:      co_arrival_square_in_a_square_in_a_square, layout_loops_ring,
          shapermc_ecumenical_altar_mp_highgroup
D:2:      layout_basic

Skill      XL: |  1  2 |
---------------+-------+-----
Maces & Flails | 3 |  3.5
Fighting       | |  2.0
Throwing       | |  0.6
Armour         | |  0.7
Dodging        | |  1.5
Spellcasting   | |  2.0
Translocations | |  3.0

Action                   || total
-------------------------++-------
Melee: Mace              ||    78
       Tailslap          ||     7
Throw: Stone             ||    17
       Boomerang         ||     1
Armor: Leather armour    ||    26
Dodge: Dodged            ||    42

Table legend: (Time is in decaauts)
 A = Elapsed time spent in this place.
 B = Non-inter-level travel time spent in this place.
 C = Inter-level travel time spent in this place.
 D = Time resting spent in this place.
 E = Time spent auto-exploring this place.
 F = Levels seen in this place.
 G = Mean time per level.
                   A        B        C        D        E       F      G
               +--------+--------+--------+--------+--------+-----+--------+
         Total |   1583 |   1583 |      0 |    261 |   1035 |   2 |  791.5 |
       Dungeon |   1583 |   1583 |      0 |    261 |   1035 |   2 |  791.5 |
               +--------+--------+--------+--------+--------+-----+--------+

Top non-repeatable levels by time:
     D:1: 1547 daAuts
     D:2: 35 daAuts
